Peanut, chaotic male elven Wizard ------------------------ |..^^^^^^^^^^^^^^^^^^..| |..-------------------.| ----.| ----- |.| |..|`-- --...| |.| |.....|--|.`..| |.| |.``..|..|.``.| |.| --..``|%*...`-- |.| |*m@....|`..| ------|.| |.``.|..|.`.| --|.....|.| |.`.`---|`..| |.+.....|.| |.......|..-- |-|.....|.| ----.`..|.-- |.+.....+.| ---.--.| |-|.....|-- |.....| |.+.....| |>.|..| --|.....| ------- ------- Peanut the Thaumaturge Experience level: 8 Strength: 14 Dexterity: 16 Constitution: 14 Intelligence: 20 Wisdom: 13 Charisma: 9 Health: 0(53) Energy: 100(112) Def: 8 Gold: 194 Moves: 9041 Dungeon seed: tyo9DQUBTpY_74Yu Game ID: Peanut_1615930739 Your Inventory: Coins $ - 194 gold pieces Amulets J - a blessed amulet of magical breathing (being worn) Weapons a - a blessed +1 quarterstaff (weapon in hands) j - 15 poisoned +0 orcish arrows v - a +1 bow (alternate weapon; not wielded) w - 7 +0 arrows N - a cursed -1 arrow S - a blessed +0 arrow Armor e - a blessed +3 cloak of magic resistance (being worn) r - an uncursed +0 orcish helm (being worn) Y - an uncursed +1 pair of iron shoes (being worn) Comestibles k - an uncursed pancake s - an uncursed lizard corpse B - 2 uncursed candy bars C - an uncursed sprig of wolfsbane E - 7 uncursed food rations H - 2 uncursed tripe rations T - 4 uncursed slime molds Scrolls L - 2 uncursed scrolls of earth Spellbooks R - an uncursed spellbook of create monster Potions h - an uncursed potion of gain ability V - an uncursed potion of acid Rings d - a cursed -1 ring of protection O - a cursed ring of see invisible Q - an uncursed ring of conflict Wands b - a wand of slow monster (0:4) A - a blessed wand of striking (0:0) G - a wand of teleportation (0:7) M - a wand of make invisible (0:3) X - a wand of probing (0:3) Tools x - an uncursed tin whistle D - an uncursed oilskin sack F - an uncursed skeleton key U - an uncursed magic lamp W - an uncursed brass lantern (0:1447) Gems P - an uncursed flint stone Contents of the oilskin sack: 300 gold pieces an uncursed lembas wafer an uncursed scroll of magic mapping 4 uncursed scrolls of remove curse an uncursed scroll of scare monster 2 uncursed scrolls of teleportation an uncursed potion of paralysis a blessed potion of restore ability an uncursed potion of sickness an uncursed potion of water a cursed ring of hunger an uncursed blindfold a magic marker (0:8) Spells and supernatural/magical abilities: Name Level Category Fail Memory a - force bolt 1 attack 3% 55% l - light 1 divination 3% 55% s - slow monster 2 enchantment 3% 75% B - cure blindness 2 healing 58% 60% W - pray for help -- divine ? -- Your skills at the end: Fighting Skills Weapon Skills quarterstaff [Basic] Spellcasting Skills attack spells [Basic] enchantment spells [Basic] Final Attributes: You were piously aligned. You were sleep resistant. You were poison resistant. You were magic-protected. You had infravision. You could survive without air. You were unlucky. You are dead. Vanquished creatures: a giant mimic 5 small mimics an ettin zombie a crocodile a wolf a panther a giant spider a gnome king a yeti 2 gold golems a werewolf a lizard 4 chickatrices a dog a dingo a housecat 2 jaguars a dust vortex 2 ravens 2 plains centaurs a rope golem 2 fire ants 11 Uruk-hai 2 orc shamans a rock mole a pony a fog cloud a yellow light a violet fungus 2 gnome lords 4 gnomish wizards a gray ooze a paper golem 3 giant ants a little dog 3 floating eyes 2 kittens 8 dwarves 2 kobold lords a kobold shaman 13 hill orcs 3 rothes a rabid rat an orc zombie 4 dwarf zombies a wererat a werejackal 9 iguanas an acid blob a gas spore 2 hobbits 3 manes 2 large kobolds 2 hobgoblins 6 giant rats a cave spider a brown mold 2 green molds 19 gnomes 9 garter snakes a gnome zombie 3 geckos 8 jackals 3 foxes 2 kobolds a goblin 4 sewer rats 6 grid bugs 4 bats 8 lichens 3 kobold zombies 6 newts 211 creatures vanquished. Voluntary challenges: You had been an atheist until turn 3301. You used a wielded weapon 231 times, starting on turn 46. You read items or engraved 22 times, starting on turn 3. You never genocided any monsters. You never polymorphed an object. You never changed form. You used no wishes. You never split a pudding. You never wrote Elbereth's name. You never violated your personal moral code. Dungeon overview: The Dungeons of Doom: levels 1 to 8 Level 1 a fountain a long staircase Level 2 a general store, an altar to Ptah Level 3 a general store, a fountain Level 4 a fountain stairs to The Gnomish Mines Level 5 a fountain Level 6 Level 7 many fountains Level 8 a scroll shop, an altar to Ptah, a fountain stairs to Sokoban The Gnomish Mines: levels 5 to 7 Level 5 stairs to The Dungeons of Doom Level 6 Level 7 many shops, a temple to Ptah, some fountains Sokoban: levels 4 to 7 Level 4 <- You were here Level 5 Level 6 Level 7 stairs to The Dungeons of Doom History has recorded: On T:1 you entered the Dungeons of Doom to retrieve the Amulet of Yendor! On T:175 you reached level 2 of The Dungeons of Doom. On T:846 you advanced to experience level 2. On T:950 you advanced to experience level 3. On T:1052 you reached level 3 of The Dungeons of Doom. On T:1403 you advanced to experience level 4. On T:2034 you reached level 4 of The Dungeons of Doom. On T:2437 you reached level 1 of The Gnomish Mines. On T:2446 you advanced to experience level 5. On T:2830 you reached level 2 of The Gnomish Mines. On T:2873 you advanced to experience level 6. On T:3395 you reached level 3 of The Gnomish Mines. On T:3930 you advanced to experience level 7. On T:4553 you reached level 5 of The Dungeons of Doom. On T:4947 you reached level 6 of The Dungeons of Doom. On T:5585 you reached level 7 of The Dungeons of Doom. On T:5667 you advanced to experience level 8. On T:6440 you reached level 8 of The Dungeons of Doom. On T:6943 you reached level 4 of Sokoban. On T:7379 you reached level 3 of Sokoban. On T:8516 you reached level 2 of Sokoban. On T:8988 you reached level 1 of Sokoban. Score breakdown: Gold: 494 ( 9166 points) Experience: 8 levels (14739 points) Exploration: 8 levels ( 17.02%) (11702 points) Discoveries: 24 items ( 8.70%) ( 8846 points) Valuables value: (no points given unless you survive) Artifact value: 0 ( 0 points) Variety of kills: 72 monsters ( 18.90%) (13041 points) Turncount: 9041 turns (-2229 points) Survival: died (score multiplied by 80%) Total score: 44212 Latest messages: You see here 35 rocks. You see here a giant mimic corpse. You see here 35 rocks. (2x) You see here a giant mimic corpse. With great effort you move the boulder. You hear a monster behind the boulder. Perhaps that's why you cannot move it. You hear a monster behind the boulder. Perhaps that's why you cannot move it. The spell hits it. The giant mimic resists! You see here 40 rocks. The giant mimic hits! (2x) You hit the giant mimic. You hit the giant mimic! You miss the giant mimic. The giant mimic hits! (2x) The spell misses the giant mimic. You miss the giant mimic. You hit the giant mimic! The giant mimic hits! You die... Final status: Goodbye Peanut the Wizard, killed by a giant mimic... You died in Sokoban on dungeon level 4 with 44212 points, and 494 pieces of gold, after 9041 moves. You were level 8 with a maximum of 53 hit points when you died.